AoeStats
← YooLu

Arabia

509286642Analyzed
1v1 RM · 6d ago on Sep 26, 2026· 24m 15s· 2 players
Game mode
Random Map
Map size
Tiny (2 player)
Population
200
Speed
Normal
Resources
Standard
Victory
Conquest
Starting age
Dark Age
Ending age
Imperial Age
RankedLock teamsTeams togetherTeam positionsShared explorationLock speedFull tech treeHidden civsTurbo modeCheats
Victory
Defeat
🇹🇼 Varangians · Taiwan
1200
+17
🇨🇳 Magyars · China
1168
-15
Chive’Pang
9:54 Feudal Age
10:27 Double-Bit Axe
10:28 Loom
18:15 Bloodlines
20:37 Castle Age
19:00 Gold Mining
YooLu
7:46 Loom
10:10 Feudal Age
14:18 Castle Age
12:38 Double-Bit Axe
18:11 Horse Collar
Connection lost

Rejoining the realm…

Still unreachable

The connection could not be restored.

Session expired

The server has moved on; the page needs a fresh start.